 Dungeon Crawl Stone Soup version 0.24-a0-203-gf0bc1e9 (webtiles) character file.

Game seed: 4507158651090784595

615 Borgoz the Cutter (level 7, -6/41 HPs)
             Began as a Kobold Gladiator on Mar 27, 2019.
             Killed by nerve-wracking pain
             ... invoked by Menkaure
              (14 damage)
             ... on level 5 of the Dungeon.
             The game lasted 00:07:52 (4789 turns).

Borgoz the Cutter (Kobold Gladiator)                Turns: 4789, Time: 00:07:53

Health: -6/41      AC:  4    Str: 13    XL:     7   Next: 73%
Magic:  10/10      EV: 17    Int: 12    God:
Gold:   117        SH:  0    Dex: 16    Spells: 10/10 levels left

rFire    . . .     SeeInvis .   j - +1 dagger (elec)
rCold    . . .     Gourm    .   (shield restricted)
rNeg     . . .     Faith    .   b - +0 leather armour
rPois    .         Spirit   .   c - +0 helmet
rElec    .         Reflect  .   (no cloak)
rCorr    .         Harm     .   (no gloves)
MR       .....                  (no boots)
Stlth    ++........             d - amulet of regeneration
HPRegen  0.53/turn              k - +2 ring of intelligence
MPRegen  0.12/turn              (no ring)

@: no status effects
A: small, carnivore
a: no special abilities


You were on level 5 of the Dungeon.
You were very full.

You visited 2 branches of the dungeon, and saw 6 of its levels.

You collected 117 gold pieces.

Inventory:

Hand Weapons
 a - a +0 rapier
 j - a +1 dagger of electrocution (weapon)
Missiles
 o - 2 tomahawks (quivered)
Armour
 b - a +0 leather armour (worn)
 c - a +0 helmet (worn)
Jewellery
 d - an amulet of regeneration (around neck)
 k - a +2 ring of intelligence (left hand)
Wands
 g - a wand of acid (8)
Scrolls
 e - 3 scrolls of remove curse {unknown}
 h - 3 scrolls of teleportation {unknown}
 i - 4 scrolls of identify {unknown}
 l - a scroll of noise {unknown}
 n - 2 scrolls of blinking {unknown}
 q - a scroll of fog {unknown}
Comestibles
 f - 8 rations


   Skills:
 + Level 3.3 Fighting
 * Level 6.1 Short Blades
 + Level 3.2 Throwing
 * Level 2.7 Armour
 * Level 5.5 Dodging
 + Level 3.1 Stealth
 + Level 2.0 Spellcasting


You had 10 spell levels left.
You didn't know any spells.
Your spell library was empty.

Dungeon Overview and Level Annotations

Branches:
Dungeon (5/15)             Temple (1/1) D:5

Altars:
Cheibriados
Dithmenos
Elyvilon
Fedhas
Kikubaaqudgha
Makhleb
Nemelex Xobeh
Qazlal
Ru
Sif Muna
Trog
Uskayaw
Xom
Yredelemnul
Zin
The Shining One

Annotations:
D:3 Grinder
D:4 Blork the orc
D:5 Menkaure, Natasha


Innate Abilities, Weirdness & Mutations

You are small and have problems with some larger weapons.
You are carnivorous and can eat meat at any time.


Message History

Natasha is lightly wounded.
The orc misses you. Natasha claws you but does no damage.
You hit Natasha but do no damage.
Natasha is lightly wounded.
Menkaure hits you but does no damage.
Natasha stares at you and mumbles some strange words.
You resist with some effort.
You hit Natasha.
Natasha is moderately wounded.
Menkaure hits you!!
* * * LOW HITPOINT WARNING * * *
The orc closely misses you. Natasha misses you.
You barely miss Natasha.
Natasha is lightly wounded.
Menkaure misses you. Natasha misses you. The orc barely misses you.
You closely miss Natasha.
Natasha is lightly wounded.
Menkaure casts a spell at you. Pain shoots through your body!
You die...

### ##.##
###.h@#
##...oM##
##.......##
#.........#
#
#.........#
#
#........##
#
##.......#
# ###....##
##...#


You could see Menkaure, Natasha and an orc.

Vanquished Creatures
  A sky beast (D:5)
  A phantom (D:5)
  2 scorpions (D:5)
  A centaur zombie (D:5)
  Ijyb (D:5)
  An iguana (D:5)
  Natasha (twice) (D:4)
  4 worker ants
  3 adders
  An adder zombie (D:5)
  4 worms (D:2)
  2 dart slugs (D:1)
  A leopard gecko (D:5)
  4 orcs
  A ball python (D:1)
  3 giant cockroaches
  2 goblins (D:1)
  7 hobgoblins
  2 jackals (D:2)
  3 kobolds
  3 quokkas
  5 bats
  2 frilled lizards
  7 rats
63 creatures vanquished.

Vanquished Creatures (others)
  A quokka (D:5)
1 creature vanquished.

Grand Total: 64 creatures vanquished

Notes
Turn   | Place    | Note
-------+----------+-------------------------------------------
     0 | D:1      | Borgoz the Kobold Gladiator began the quest for the Orb.
     0 | D:1      | Reached XP level 1. HP: 12/12 MP: 1/1
   178 | D:1      | Reached XP level 2. HP: 17/17 MP: 2/2
   449 | D:1      | Reached XP level 3. HP: 22/22 MP: 3/3
   512 | D:1      | Reached skill level 1 in Stealth
   659 | D:2      | Reached skill level 1 in Armour
   964 | D:2      | Reached XP level 4. HP: 27/27 MP: 4/4
  2365 | D:3      | Noticed Grinder
  2644 | D:4      | Reached XP level 5. HP: 16/31 MP: 6/6
  2821 | D:4      | Noticed Natasha
  2834 | D:4      | Killed Natasha
  2834 | D:4      | Reached skill level 1 in Spellcasting
  2843 | D:4      | Noticed Natasha
  2846 | D:4      | Killed Natasha
  2846 | D:4      | Reached skill level 5 in Short Blades
  3041 | D:4      | Noticed Blork the orc
  3041 | D:4      | Noticed an ogre
  3072 | D:5      | Entered Level 5 of the Dungeon
  3080 | D:5      | Reached XP level 6. HP: 11/36 MP: 7/7
  3845 | D:5      | Noticed a sky beast
  3941 | D:5      | Killed a sky beast
  3941 | D:5      | Reached skill level 5 in Dodging
  3941 | D:5      | Reached XP level 7. HP: 34/41 MP: 9/9
  4095 | D:5      | Noticed Ijyb
  4118 | D:5      | Killed Ijyb
  4245 | D:5      | Reached skill level 6 in Short Blades
  4372 | D:5      | Found a staircase to the Ecumenical Temple.
  4563 | Temple   | Entered the Ecumenical Temple
  4781 | D:4      | Noticed Natasha
  4781 | D:4      | Noticed Menkaure
  4789 | D:5      | Killed from afar by Menkaure

Levels and vault maps discovered:
D:1:      dpeg_arrival_orchard, layout_basic
D:2:      layout_basic, first_ration
D:3:      layout_basic, marbit_many_paths, uniq_grinder
D:4:      layout_rooms, lemuel_round_altar, uniq_natasha, uniq_menkaure,
          uniq_blork_the_orc
D:5:      kennysheep_six_static_rooms, layout_cave_pods,
          minmay_temple_entry_gardened_gates, serial_column_ruins,
          column_ruins_hut, column_ruins_grid_1, column_ruins_columns_T,
          column_ruins_open_small, column_ruins_open_medium,
          column_ruins_grid_1, column_ruins_open_medium, uniq_ijyb
Temple:   lightli_temple_of_artemis

Skill      XL: |  1  2  3  4  5  6  7 |
---------------+----------------------+-----
Dodging        | 4 5 |  5.5
Stealth        | 1 2 3 |  3.1
Armour         | 1 2 |  2.7
Spellcasting   | 1 2 |  2.0
Short Blades   | 5 6 |  6.1
Fighting       | 3 |  3.3
Throwing       | 3 |  3.2

Action                   |  1- 3 |  4- 6 |  7- 9 || total
-------------------------+-------+-------+-------++-------
Melee: Rapier            |    77 |   112 |       ||   189
       Dagger            |       |    67 |    48 ||   115
Throw: Throwing net      |     3 |     5 |       ||     8
  Use: Potion            |       |     9 |     2 ||    11
 Stab: Sleeping          |     2 |     3 |       ||     5
       Held in net/web   |     3 |     1 |       ||     4
  Eat: Chunk             |     8 |     8 |     3 ||    19
Armor: Leather armour    |    17 |    23 |     5 ||    45
       Skin              |       |     6 |     7 ||    13
Dodge: Dodged            |    53 |    99 |    25 ||   177

Table legend:
 A = Non-vault XP
 B = Vault XP
 C = Vault XP percentage of total XP
 D = Non-vault monster count
 E = Vault monster count
 F = Vault count percentage of total count
                 A         B        C        D         E       F
            +---------+---------+-------+---------+---------+-------
      Total |     545 |     334 |  38.0 |      57 |       7 |  10.9
            +---------+---------+-------+---------+---------+-------
        D:1 |      37 |       0 |   0.0 |      20 |       0 |   0.0
        D:2 |      65 |       0 |   0.0 |      18 |       0 |   0.0
        D:3 |       7 |       0 |   0.0 |       3 |       0 |   0.0
        D:4 |      76 |      36 |  32.1 |       5 |       1 |  16.7
        D:5 |     360 |     298 |  45.3 |      11 |       6 |  35.3
            +---------+---------+-------+---------+---------+-------
